 Dungeon Crawl Stone Soup version 0.27-a0-1147-gb3d8e82157 (webtiles) character file.

Game seed: 8598927840066056388

467 Kublaii the Sneak (level 7, 0/52 HPs)
             Began as a Gnoll Wanderer on May 11, 2021.
             Slain by a river rat (8 damage)
             ... summoned by Eustachio
             ... on level 4 of the Dungeon.
             The game lasted 00:38:07 (3388 turns).

Kublaii the Sneak (Gnoll Wanderer)                  Turns: 3388, Time: 00:38:08

Health: 0/52       AC:  7    Str: 14    XL:     7   Next: 8%
Magic:  10/10      EV: 11    Int: 13    God:
Gold:   130        SH:  4    Dex:  9    Spells: 10/10 levels left

rFire    + . .     SeeInvis .   a - +2 falchion
rCold    . . .     Faith    .   c - +0 buckler
rNeg     . . .     Spirit   .   n - +0 ring mail
rPois    +         Reflect  .   j - +0 helmet
rElec    .         Harm     .   (no cloak)
rCorr    .         Rampage  .   (no gloves)
Will     .....                  m - +0 pair of boots
Stlth    ++........             o - amulet of regeneration
HPRegen  0.17/turn              i - ring of poison resistance
MPRegen  0.12/turn              l - ring of protection from fire

@: no status effects
A: fangs 1, strong nose, distributed training
a: no special abilities


You were on level 4 of the Dungeon.
You visited 1 branch of the dungeon, and saw 4 of its levels.

You collected 130 gold pieces.

Inventory:

Hand Weapons
 a - a +2 falchion (weapon)
 b - a +0 hunting sling
 t - a +0 morningstar
Missiles
 d - 11 poisoned darts (quivered)
 k - 108 stones
 p - 4 boomerangs
 u - 47 sling bullets
Armour
 c - a +0 buckler (worn)
 j - a +0 helmet (worn)
 m - a +0 pair of boots (worn)
 n - a +0 ring mail (worn)
Jewellery
 i - a ring of poison resistance (left hand)
 l - a ring of protection from fire (right hand)
 o - an amulet of regeneration (around neck)
 q - an amulet of reflection
Wands
 r - a wand of flame (9)
Scrolls
 f - a scroll of amnesia {unknown}
 g - 5 scrolls of identify {unknown}
 h - a scroll of fear {unknown}
 v - 2 scrolls of fog {unknown}
Potions
 e - a potion of cancellation
 s - a potion of flight


   Skills:
 + Level 3.4 Fighting
 + Level 2.2 Short Blades
 + Level 5.1 Long Blades
 + Level 2.2 Axes
 + Level 2.2 Maces & Flails
 + Level 2.2 Polearms
 + Level 2.2 Staves
 + Level 2.2 Slings
 + Level 2.2 Bows
 + Level 2.2 Crossbows
 + Level 2.2 Throwing
 + Level 2.2 Armour
 + Level 3.4 Dodging
 + Level 6.4 Stealth
 + Level 5.1 Shields
 + Level 3.4 Unarmed Combat
 + Level 2.2 Spellcasting
 + Level 1.8 Conjurations
 + Level 1.8 Hexes
 + Level 1.8 Summonings
 + Level 1.8 Necromancy
 + Level 1.8 Translocations
 + Level 1.8 Transmutations
 + Level 1.8 Fire Magic
 + Level 1.8 Ice Magic
 + Level 1.8 Air Magic
 + Level 1.8 Earth Magic
 + Level 1.8 Poison Magic
 + Level 2.5 Invocations
 + Level 2.2 Evocations


You had 10 spell levels left.
You didn't know any spells.
Your spell library was empty.

Dungeon Overview and Level Annotations

Branches:
Dungeon (4/15)
 Temple: D:4-7

Altars:

Shops:
D:3 !

Annotations:
D:4 Eustachio


Innate Abilities, Weirdness & Mutations

You have very sharp teeth.
Your uncanny sense of smell can sniff out nearby items.
Your experience applies equally to all skills.


Message History

The river rat bites you but does no damage.
You hit the river rat.
The river rat is severely wounded.
You block the river rat's attack.
You barely miss the river rat.
The river rat is severely wounded.
You block the river rat's attack.
You closely miss the river rat.
The river rat is severely wounded.
The river rat bites you but does no damage.
You hit the river rat.
You kill the river rat!
The river rat's corpse disappears in a puff of smoke!
You miss Eustachio. Your bite misses Eustachio.
Eustachio hits you with a +0 rapier!
You hit Eustachio.
Eustachio is lightly wounded.
Eustachio hits you but does no damage.
You hit Eustachio. You bite Eustachio, but do no damage.
Eustachio is lightly wounded.
Eustachio barely misses you.
You riposte.
You hit Eustachio.
Eustachio is moderately wounded.
You hit Eustachio.
Eustachio is moderately wounded.
Eustachio hits you with a +0 rapier!
You hit Eustachio. Your bite misses Eustachio.
Eustachio is heavily wounded.
Eustachio screams, "At last I'll have my revenge!"
Eustachio gestures wildly while chanting.
You closely miss Eustachio.
Eustachio is heavily wounded.
Eustachio hits you with a +0 rapier!
* * * LOW HITPOINT WARNING * * *
The river rat closely misses you.
You hit Eustachio but do no damage.
Eustachio is heavily wounded.
You block Eustachio's attack. The quokka bites you.
* * * LOW HITPOINT WARNING * * *
The river rat bites you!
You die...

##+## ##...##
##.....## # #
##...>...## .#.##
#.........###....#.
+.......rr@........
#........@#.##....
∆ ##.......##.# #
.# ##.....###.#
##.# ##...## #.#
...# ##†## #.# #..#
#.# #.# # ##..# #.#
#.###.##..##.# .
#######.##
#..§55((.....#
..####...##...##
########.##


You could see Eustachio, a river rat (summoned) and a quokka (summoned).

Vanquished Creatures
  Sigmund (D:2)
  A hound (D:4)
  An iguana (D:4)
  Jessica (D:3)
  Natasha (thrice) (D:3)
  An orc wizard (D:3)
  3 gnolls (D:3)
  2 adders
  A worm (D:3)
  3 dart slugs
  10 orcs
  4 endoplasms
  A giant cockroach (D:3)
  4 goblins
  A hobgoblin (D:1)
  4 jackals (D:2)
  5 kobolds
  A quokka (D:1)
  7 ball pythons
  6 bats
  5 frilled lizards
  9 rats
74 creatures vanquished.

Vanquished Creatures (others)
  A fungus (D:1)
  2 plants (D:1)
  5 toadstools (D:1)
8 creatures vanquished.

Grand Total: 82 creatures vanquished

Notes
Turn   | Place    | Note
-------+----------+-------------------------------------------
     0 | D:1      | Kublaii the Gnoll Wanderer began the quest for the Orb.
     0 | D:1      | Kublaii set off with the following items: a +2 falchion, a
                  | potion of lignification, a +0 buckler, a +0 robe, a +0
                  | dagger
     0 | D:1      | Reached XP level 1. HP: 17/17 MP: 1/1
   246 | D:1      | Reached XP level 2. HP: 22/23 MP: 2/2
   956 | D:1      | Found a faded altar of an unknown god.
  1163 | D:2      | Reached XP level 3. HP: 28/28 MP: 3/3
  1188 | D:2      | Noticed Sigmund
  1220 | D:2      | Killed Sigmund
  1221 | D:2      | Reached skill level 1 in Short Blades
  1221 | D:2      | Reached skill level 1 in Axes
  1221 | D:2      | Reached skill level 1 in Maces & Flails
  1221 | D:2      | Reached skill level 1 in Polearms
  1221 | D:2      | Reached skill level 1 in Staves
  1221 | D:2      | Reached skill level 1 in Slings
  1221 | D:2      | Reached skill level 1 in Bows
  1221 | D:2      | Reached skill level 1 in Crossbows
  1221 | D:2      | Reached skill level 1 in Throwing
  1221 | D:2      | Reached skill level 1 in Armour
  1221 | D:2      | Reached skill level 6 in Stealth
  1221 | D:2      | Reached skill level 1 in Spellcasting
  1221 | D:2      | Reached skill level 1 in Conjurations
  1221 | D:2      | Reached skill level 1 in Hexes
  1221 | D:2      | Reached skill level 1 in Summonings
  1221 | D:2      | Reached skill level 1 in Necromancy
  1221 | D:2      | Reached skill level 1 in Translocations
  1221 | D:2      | Reached skill level 1 in Transmutations
  1221 | D:2      | Reached skill level 1 in Fire Magic
  1221 | D:2      | Reached skill level 1 in Ice Magic
  1221 | D:2      | Reached skill level 1 in Air Magic
  1221 | D:2      | Reached skill level 1 in Earth Magic
  1221 | D:2      | Reached skill level 1 in Poison Magic
  1221 | D:2      | Reached skill level 1 in Invocations
  1221 | D:2      | Reached skill level 1 in Evocations
  1221 | D:2      | Reached XP level 4. HP: 23/35 MP: 3/6
  1221 | D:2      | Reached XP level 5. HP: 27/41 MP: 3/7
  1958 | D:3      | Reached XP level 6. HP: 30/47 MP: 8/8
  2056 | D:3      | Found Qyska's Distillery.
  2102 | D:3      | Noticed Jessica
  2112 | D:3      | Killed Jessica
  2187 | D:3      | Noticed Natasha
  2229 | D:3      | Killed Natasha
  2230 | D:3      | Reached skill level 5 in Long Blades
  2230 | D:3      | Reached skill level 5 in Shields
  2518 | D:3      | Noticed Natasha
  2523 | D:3      | Killed Natasha
  2576 | D:3      | Noticed Natasha
  2583 | D:3      | Killed Natasha
  3141 | D:4      | Reached XP level 7. HP: 46/52 MP: 10/10
  3258 | D:4      | Noticed Eustachio
  3388 | D:4      | Slain by a river rat

Illustrated notes

Levels and vault maps discovered:
D:1:      ldierk_walled_garden, layout_loops_ring,
          shapermc_ecumenical_altar_mp_ritualfount, hangedman_decor_points,
          chequers_serial_rivers_micro_d, chequers_serial_rivers_small_b
D:2:      layout_loops_ring, uniq_sigmund
D:3:      layout_basic, serial_shops, shop, minmay_circle_x, uniq_natasha,
          uniq_jessica
D:4:      layout_loops_corners, minmay_temple_entry_tees, uniq_eustachio

Skill      XL: |  1  2  3  4  5  6 |
---------------+-------------------+-----
Fighting       | 3 |  3.4
Short Blades   | 1 2 |  2.2
Axes           | 1 2 |  2.2
Maces & Flails | 1 2 |  2.2
Polearms       | 1 2 |  2.2
Staves         | 1 2 |  2.2
Slings         | 1 2 |  2.2
Bows           | 1 2 |  2.2
Crossbows      | 1 2 |  2.2
Throwing       | 1 2 |  2.2
Armour         | 1 2 |  2.2
Dodging        | 3 |  3.4
Stealth        | 6 |  6.4
Unarmed Combat | 3 |  3.4
Spellcasting   | 1 2 |  2.2
Conjurations   | 1 |  1.8
Hexes          | 1 |  1.8
Summonings     | 1 |  1.8
Necromancy     | 1 |  1.8
Translocations | 1 |  1.8
Transmutations | 1 |  1.8
Fire Magic     | 1 |  1.8
Ice Magic      | 1 |  1.8
Air Magic      | 1 |  1.8
Earth Magic    | 1 |  1.8
Poison Magic   | 1 |  1.8
Invocations    | 1 2 |  2.5
Evocations     | 1 2 |  2.2
Long Blades    | 5 |  5.1
Shields        | 5 |  5.1

Action                   |  1- 3 |  4- 6 |  7- 9 || total
-------------------------+-------+-------+-------++-------
Melee: Falchion          |    76 |   134 |    49 ||   259
       Bite              |     3 |     7 |     4 ||    14
 Fire: Hunting sling     |    15 |    65 |    13 ||    93
Throw: Stone             |     3 |     1 |       ||     4
       Dart              |       |    15 |       ||    15
  Use: Potion            |     5 |     1 |       ||     6
 Stab: Sleeping          |     9 |     1 |       ||    10
Armor: Robe              |     8 |     4 |       ||    12
       Skin              |     8 |       |       ||     8
       Ring mail         |       |    37 |    23 ||    60
Dodge: Dodged            |    22 |    50 |    28 ||   100
Block: Buckler           |     4 |    48 |    39 ||    91
       Reflection        |       |     4 |       ||     4
       Rpst.: Falchion   |     8 |    17 |     7 ||    32

Table legend: (Time is in decaauts)
 A = Elapsed time spent in this place.
 B = Non-inter-level travel time spent in this place.
 C = Inter-level travel time spent in this place.
 D = Time resting spent in this place.
 E = Time spent auto-exploring this place.
 F = Levels seen in this place.
 G = Mean time per level.
                   A        B        C        D        E       F      G
               +--------+--------+--------+--------+--------+-----+--------+
         Total |   3386 |   3299 |     87 |     29 |   2357 |   4 |  846.5 |
       Dungeon |   3386 |   3299 |     87 |     29 |   2357 |   4 |  846.5 |
               +--------+--------+--------+--------+--------+-----+--------+

Top non-repeatable levels by time:
     D:3: 1202 daAuts
     D:1: 1098 daAuts
     D:2: 781 daAuts
     D:4: 304 daAuts
